 Dungeon Crawl Stone Soup version 0.21-a0-221-gfe971b9 (webtiles) character file.

227 Moloch the Chopper (level 5, -2/41 HPs)
             Began as a Demonspawn Fighter on Aug 26, 2017.
             Slain by Menkaure (8 damage)
             ... on level 4 of the Dungeon.
             The game lasted 00:03:28 (2869 turns).

Moloch the Chopper (Demonspawn Fighter)             Turns: 2869, Time: 00:03:28

Health: -2/41      AC:  8    Str: 16    XL:     5   Next: 70%
Magic:  5/5        EV:  6    Int:  9    God:
Gold:   227        SH:  9    Dex: 18    Spells: 4/4 levels left

rFire    . . .     SeeInvis .   a - +0 war axe
rCold    . . .     Gourm    .   c - +0 shield
rNeg     . . .     Faith    .   b - +0 scale mail
rPois    .         Spirit   .   (no helmet)
rElec    .         Reflect  .   (no cloak)
rCorr    .         Harm     .   (no gloves)
MR       .....                  (no boots)
Stlth    ..........             s - amulet of rage
HPRegen  0.13/turn              m - +4 ring of dexterity
MPRegen  0.09/turn              (no ring)

@: no status effects
A: talons 1, slimy green scales 1
a: Evoke Berserk Rage


You were on level 4 of the Dungeon.
You were not hungry.

You visited 1 branch of the dungeon, and saw 4 of its levels.

You collected 227 gold pieces.

Inventory:

Hand Weapons
 a - a +0 war axe (weapon)
Armour
 b - a +0 scale mail (worn)
 c - a +0 shield (worn)
Jewellery
 m - a +4 ring of dexterity (left hand)
 s - an amulet of rage (around neck)
Wands
 u - a wand of confusion (21/48)
 w - a wand of polymorph (7/24)
Scrolls
 i - 6 scrolls of identify {unknown}
 n - a scroll of enchant weapon {unknown}
 q - a scroll of magic mapping {unknown}
 r - a scroll of fear {unknown}
 t - a scroll of amnesia {unknown}
Potions
 d - a potion of might
 e - 2 potions of heal wounds {unknown}
 g - 2 potions of lignification {unknown}
 k - 2 potions of curing {unknown}
 l - a potion of invisibility {unknown}
 o - 2 potions of brilliance {unknown}
Comestibles
 f - 4 bread rations
 h - 2 fruits
 j - 3 meat rations
 p - a royal jelly
 v - 3 chunks of flesh


   Skills:
 - Level 3.0 Fighting
 + Level 5.5 Axes
 - Level 2.6 Armour
 - Level 2.6 Shields


You had 4 spell levels left.
You didn't know any spells.

Dungeon Overview and Level Annotations

Branches:
Dungeon (4/15)
 Temple: D:4-7

Altars:

Annotations:
D:4 Menkaure, Pikel


Innate Abilities, Weirdness & Mutations

You have sharp toenails.
You are partially covered in slimy green scales. (AC +2)


Message History

Menkaure is nearby!
Menkaure is nearby!
You fail to use your ability.
You fail to use your ability.
Menkaure calls on the powers of darkness!
Your body is wracked with pain!
You fail to use your ability.
You fail to use your ability.
Menkaure calls on the powers of darkness!
Your body is wracked with pain!
* * * LOW HITPOINT WARNING * * *
Your shield and scale mail prevent you from hitting Menkaure.
You claw Menkaure.
Menkaure is moderately damaged.
Menkaure hits you!
* * * LOW HITPOINT WARNING * * *
You hit Menkaure.
Menkaure is heavily damaged.
Menkaure hits you!
You die...

### ### #.. ....
#.# ....###.#
........# ........#
...M....#
#################M#
.....†..........@(#
###################
K†.K........
####....#.###.
#...K........
#.###..#.### #.
#...#.# #.##..##.#
.# #........# ..#


You could see Menkaure.

Vanquished Creatures
  A slave (D:3)
  An ogre (D:4)
  A worker ant (D:4)
  5 adders
  An ooze (D:2)
  3 worms (D:2)
  3 dart slugs
  A leopard gecko (D:1)
  5 giant cockroaches
  4 goblins
  7 hobgoblins
  4 jackals
  8 kobolds
  A quokka (D:2)
  3 ball pythons
  6 bats
  5 frilled lizards
  7 rats
66 creatures vanquished.

Notes
Turn   | Place    | Note
-------+----------+-------------------------------------------
     0 | D:1      | Moloch the Demonspawn Fighter began the quest for the Orb.
     0 | D:1      | Reached XP level 1. HP: 18/18 MP: 1/1
    38 | D:1      | Reached skill level 2 in Axes
   133 | D:1      | Gained mutation: You have sharp toenails. [demonic ancestry]
   133 | D:1      | Reached XP level 2. HP: 21/24 MP: 2/2
   734 | D:2      | Reached skill level 3 in Axes
   736 | D:2      | Reached XP level 3. HP: 13/29 MP: 3/3
  1802 | D:3      | Reached skill level 4 in Axes
  1802 | D:3      | Gained mutation: You are partially covered in slimy green scales. (AC +2) [demonic ancestry]
  1802 | D:3      | Reached XP level 4. HP: 35/35 MP: 4/4
  2436 | D:4      | Noticed an ogre
  2457 | D:4      | Killed an ogre
  2457 | D:4      | Reached skill level 5 in Axes
  2457 | D:4      | Reached XP level 5. HP: 31/41 MP: 5/5
  2688 | D:4      | Noticed Pikel
  2688 | D:4      | Noticed a slave
  2689 | D:4      | Noticed a slave
  2691 | D:4      | Noticed a slave
  2691 | D:4      | Noticed a slave
  2736 | D:3      | Killed a slave
  2860 | D:4      | Noticed Menkaure
  2869 | D:4      | Slain by Menkaure

Vault maps used:
D:1:      dpeg_arrival_simpleton_b, minmay_misc_feat_rows
D:3:      first_bread, palyth_stone_intersect
D:4:      cheibrodos_greedy_goblins, uniq_menkaure, uniq_pikel,
          uniq_blork_the_orc

Skill      XL: |  1  2  3  4 |
---------------+-------------+-----
Axes           | 2 3 4 5 |  5.5
Fighting       | |  3.0
Armour         | |  2.6
Shields        | |  2.6

Action                   |  1- 3 |  4- 6 || total
-------------------------+-------+-------++-------
Melee: War axe           |   105 |    62 ||   167
       Kick              |    20 |    21 ||    41
Throw: Tomahawk          |       |     6 ||     6
  Eat: Chunk             |     3 |     3 ||     6
Armor: Scale mail        |    50 |    32 ||    82
Dodge: Dodged            |    26 |    16 ||    42
Block: Shield            |    50 |    21 ||    71

Table legend:
 A = Spawn XP
 B = Non-spawn XP
 C = Spawn XP percentage of total XP
 D = Spawn monster count
 E = Non-spawn monster count
 F = Spawn count percentage of total count
 G = Total turns spent on level
                    A         B        C        D         E        F      G
               +---------+---------+-------+---------+---------+-------+---------
         Total |      32 |     293 |   9.8 |      13 |      52 |  20.0 |  2869
               +---------+---------+-------+---------+---------+-------+---------
           D:1 |       1 |      23 |   4.2 |       1 |      14 |   6.7 |   606
           D:2 |      19 |      40 |  32.2 |       8 |      14 |  36.4 |  1035
           D:3 |       6 |      51 |  10.5 |       2 |      16 |  11.1 |   773
           D:4 |       6 |     179 |   3.2 |       2 |       8 |  20.0 |   455
               +---------+---------+-------+---------+---------+-------+---------
